 Dungeon Crawl Stone Soup version 0.23-a0-393-g6e9e0f2 (webtiles) character file.

2147 nikopol the Thaumaturge (level 9, -5/46 HPs)
             Began as a Deep Elf Fire Elementalist on Oct 31, 2018.
             Slain by an unseen horror (9 damage)
             ... on level 5 of the Dungeon.
             The game lasted 00:14:15 (4787 turns).

nikopol the Thaumaturge (DEFE)                      Turns: 4787, Time: 00:14:17

Health: -5/46      AC:  8    Str:  5    XL:     9   Next: 9%
Magic:  13/24      EV: 14    Int: 24    God:
Gold:   135        SH:  0    Dex: 15    Spells: 11/26 levels left

rFire    + . .     SeeInvis .   l - +0 dagger (venom)
rCold    . . .     Gourm    .   (no shield)
rNeg     . . .     Faith    .   t - +1 robe {rF+}
rPois    .         Spirit   .   z - +2 helmet
rElec    .         Reflect  .   (no cloak)
rCorr    .         Harm     .   o - +0 pair of gloves
MR       .....                  v - +0 pair of boots
Stlth    ++++......             q - amulet of regeneration
HPRegen  0.55/turn              x - ring of stealth
MPRegen  0.19/turn              (no ring)

@: studying Earth Magic
A: no striking features
a: no special abilities


You were on level 5 of the Dungeon.
You were very hungry.

You visited 1 branch of the dungeon, and saw 5 of its levels.

You collected 135 gold pieces.

Inventory:

Hand Weapons
 l - a +0 dagger of venom (weapon)
Armour
 a - a +0 robe
 o - a +0 pair of gloves (worn)
 t - a +1 robe of fire resistance (worn)
 v - a +0 pair of boots (worn)
 z - a +2 helmet (worn)
Jewellery
 q - an amulet of regeneration (around neck)
 x - a ring of stealth (left hand)
Wands
 s - a wand of iceblast (10)
Scrolls
 f - a scroll of fear {unknown}
 g - 4 scrolls of identify {unknown}
 i - a scroll of blinking {unknown}
 j - a scroll of magic mapping {unknown}
 n - 2 scrolls of enchant armour {unknown}
 p - 3 scrolls of teleportation {unknown}
 u - a scroll of noise {unknown}
 w - a scroll of remove curse {unknown}
 y - a scroll of amnesia {unknown}
Potions
 b - 4 potions of might {unknown}
 d - a potion of ambrosia {unknown}
 e - 4 potions of curing {unknown}
 h - 2 potions of flight {unknown}
 k - 2 potions of invisibility {unknown}
 m - a potion of degeneration {unknown}
 r - a potion of experience {unknown}
Books
 A - a manual of Earth Magic
Comestibles
 c - 7 rations
 B - 5 chunks of flesh


   Skills:
 + Level 0.6 Fighting
 + Level 0.4 Short Blades
 + Level 4.5 Dodging
 + Level 4.6 Stealth
 + Level 9.4 Spellcasting
 + Level 7.2 Conjurations
 + Level 7.0 Fire Magic


You had 11 spell levels left.
You knew the following spells:

 Your Spells              Type           Power        Failure   Level  Hunger
a - Flame Tongue          Conj/Fire      #####        1%          1    None
b - Throw Flame           Conj/Fire      #####.       1%          2    None
c - Conjure Flame         Conj/Fire      #####...     1%          3    None
d - Sticky Flame          Conj/Fire      #####...     3%          4    ##.....
e - Fireball              Conj/Fire      #####.....   9%          5    ####...

Your spell library contained the following spells:

 Spells                   Type           Power        Failure   Level  Hunger
 Inner Flame              Hex/Fire       ####....     4%          3    None


Dungeon Overview and Level Annotations

Branches:
Dungeon (5/15)
 Temple: D:4-7

Altars:
Gozag
Kikubaaqudgha
Okawaru
Qazlal

Shops:
D:4 *   D:5 (


Message History

You miss something. Something hits you!
You hit something but do no damage. Something hits you.
* * * LOW HITPOINT WARNING * * *
Casting: Flame Tongue (safe; 1% risk of failure)
Confirm with . or Enter, or press ? or * to list all spells.
Aiming: Sticky Flame (safe; 3% risk of failure)
Press: ? - help, Shift-Dir - straight line Something hits you!
* * * LOW HITPOINT WARNING * * *
The crimson imp blinks!
Casting: Sticky Flame (safe; 3% risk of failure)
Confirm with . or Enter, or press ? or * to list all spells.
Aiming: Sticky Flame (safe; 3% risk of failure)
Press: ? - help, Shift-Dir - straight line Something hits you.
* * * LOW HITPOINT WARNING * * *
Something hits you.
* * * LOW HITPOINT WARNING * * *
Something hits you!
You die...

..# #.....#####.# .##
#...........# # .#
#.....#######.# .#
####..##<.....###
.####.......#####...#####
....#.............#......
....#.......###..#...#
....#.......#...#)#
.####.........##@## .#
#........#.#.# .#
#....(...##.## .#
#...........# .#
##(....#.#5## .#
#(....#.#.# .#
#.....#..#. .# ###...##..
. .## ####(####...#


You could see a crimson imp.

Vanquished Creatures
  Pikel (D:4)
  Grinder (D:5)
  Sigmund (D:4)
  A sky beast (D:5)
  3 ice beasts
  A phantom (D:4)
  3 centaurs (D:5)
  A bullfrog (D:4)
  2 vampire bats (D:5)
  A crimson imp (D:5)
  A hound (D:5)
  An orc priest (D:5)
  An orc wizard (D:4)
  2 bullfrog skeletons
  3 iguanas
  Natasha (twice) (D:3)
  2 worker ants
  A hound zombie (D:5)
  3 gnolls (D:3)
  2 adders (D:2)
  A howler monkey skeleton (D:5)
  2 oozes (D:1)
  An adder skeleton (D:4)
  4 worms
  A dart slug (D:1)
  3 leopard geckos
  14 orcs
  A bat skeleton (D:5)
  5 bat zombies (D:5)
  3 giant cockroaches
  13 goblins
  10 hobgoblins
  5 jackals
  4 kobolds
  2 quokkas
  4 bats
  5 frilled lizards
  8 rats
119 creatures vanquished.

Vanquished Creatures (others)
  A slave (D:4)
  2 orc priests (D:4)
  An orc wizard (D:4)
  3 orcs (D:4)
  A ball python skeleton (D:4)
8 creatures vanquished.

Grand Total: 127 creatures vanquished

Notes
Turn   | Place    | Note
-------+----------+-------------------------------------------
     0 | D:1      | nikopol the Deep Elf Fire Elementalist began the quest for
                  | the Orb.
     0 | D:1      | Reached XP level 1. HP: 10/10 MP: 6/6
    86 | D:1      | Reached XP level 2. HP: 15/15 MP: 6/8
   383 | D:1      | Reached XP level 3. HP: 14/19 MP: 0/10
   720 | D:2      | Learned a level 2 spell: Throw Flame
   724 | D:2      | Learned a level 3 spell: Conjure Flame
   991 | D:2      | Reached skill level 4 in Spellcasting
  1033 | D:2      | Reached XP level 4. HP: 24/24 MP: 8/12
  1686 | D:3      | Noticed Natasha
  1690 | D:3      | Killed Natasha
  1690 | D:3      | Reached XP level 5. HP: 28/28 MP: 9/13
  1703 | D:3      | Learned a level 4 spell: Sticky Flame
  1790 | D:3      | Noticed Natasha
  1796 | D:3      | Killed Natasha
  2131 | D:3      | Reached skill level 5 in Spellcasting
  2184 | D:3      | Found an iron altar of Okawaru.
  2231 | D:4      | Noticed Pikel
  2231 | D:4      | Noticed a slave
  2231 | D:4      | Noticed a slave
  2231 | D:4      | Noticed a slave
  2231 | D:4      | Noticed a slave
  2367 | D:4      | Reached XP level 6. HP: 19/32 MP: 6/15
  2552 | D:4      | Noticed Sigmund
  2567 | D:4      | Killed Sigmund
  2567 | D:4      | Reached skill level 5 in Fire Magic
  2867 | D:4      | Reached skill level 6 in Spellcasting
  2867 | D:4      | Reached XP level 7. HP: 36/36 MP: 10/18
  2947 | D:4      | Killed Pikel
  2947 | D:4      | Reached skill level 7 in Spellcasting
  2947 | D:4      | Reached skill level 5 in Conjurations
  3048 | D:4      | Found a stormy altar of Qazlal.
  3103 | D:4      | Learned a level 5 spell: Fireball
  3111 | D:4      | Found a stormy altar of Qazlal.
  3111 | D:4      | Found an opulent altar of Gozag.
  3158 | D:4      | Reached XP level 8. HP: 27/42 MP: 9/21
  3440 | D:4      | Found Jexzol's Assorted Antiques.
  3617 | D:5      | Entered Level 5 of the Dungeon
  3622 | D:5      | Reached skill level 8 in Spellcasting
  3903 | D:5      | Noticed Grinder
  3910 | D:5      | Killed Grinder
  4036 | D:5      | Reached skill level 9 in Spellcasting
  4396 | D:5      | Found Abuvvur's Antique Weapon Shop.
  4487 | D:5      | Reached XP level 9. HP: 41/46 MP: 14/24
  4553 | D:5      | Found an ancient bone altar of Kikubaaqudgha.
  4787 | D:5      | Slain by an unseen horror

Vault maps used:
D:1:      dpeg_arrival_oval
D:2:      chequers_hall_statues_y
D:3:      okawaru_altar_gauntlet_db, uniq_natasha
D:4:      amethyst_overflow_temple_binary, first_ration, serial_shops,
          nicolae_shop_overgrown_old_shop, grunt_qazlal_clouds, uniq_pikel,
          uniq_sigmund
D:5:      kennysheep_vampire_church, serial_shops, nicolae_shop_crystal,
          grunt_decor_fettered, minmay_manual_mess, uniq_grinder

Skill      XL: |  1  2  3  4  5  6  7  8  9 |
---------------+----------------------------+-----
Fire Magic     | 4 5 6 7 |  7.0
Spellcasting   | 4 5 6 7 9 |  9.4
Conjurations   | 2 4 5 7 |  7.2
Stealth        | 3 4 |  4.6
Dodging        | 3 4 |  4.5
Fighting       | |  0.6
Short Blades   | |  0.4

Action                   |  1- 3 |  4- 6 |  7- 9 || total
-------------------------+-------+-------+-------++-------
Melee: Dagger            |       |       |    37 ||    37
 Cast: Flame Tongue      |    72 |    77 |    96 ||   245
       Sticky Flame      |       |     6 |    13 ||    19
       Throw Flame       |       |     1 |     1 ||     2
       Conjure Flame     |       |       |     1 ||     1
       Fireball          |       |       |     1 ||     1
 Stab: Sleeping          |       |       |     1 ||     1
  Eat: Chunk             |       |     6 |     6 ||    12
Armor: Robe              |     5 |     4 |    23 ||    32
Dodge: Dodged            |    25 |    35 |    49 ||   109

Table legend:
 A = Non-vault XP
 B = Vault XP
 C = Vault XP percentage of total XP
 D = Non-vault monster count
 E = Vault monster count
 F = Vault count percentage of total count
                 A         B        C        D         E       F
            +---------+---------+-------+---------+---------+-------
      Total |    1507 |    1561 |  50.9 |      97 |      22 |  18.5
            +---------+---------+-------+---------+---------+-------
        D:1 |      46 |       0 |   0.0 |      20 |       0 |   0.0
        D:2 |     100 |       0 |   0.0 |      21 |       0 |   0.0
        D:3 |     122 |      85 |  41.1 |      26 |       7 |  21.2
        D:4 |     506 |     856 |  62.8 |      13 |       2 |  13.3
        D:5 |     733 |     620 |  45.8 |      17 |      13 |  43.3
            +---------+---------+-------+---------+---------+-------
